 Dungeon Crawl Stone Soup version 0.30-a0-883-g5ad918d77d (webtiles) character file.

Game seed: 9973840897773274406

37 Rocko1345 the Ducker (level 3, -3/35 HPs)
             Began as a Gnoll Monk on Mar 15, 2023.
             Killed from afar by Natasha (7 damage)
             ... with a magic dart
             ... on level 2 of the Dungeon.
             The game lasted 00:03:28 (965 turns).

Rocko1345 the Ducker (Gnoll Monk)                    Turns: 965, Time: 00:03:29

Health: -3/35      AC:  4    Str: 12    XL:     3   Next: 41%
Magic:  4/4        EV: 14    Int:  9    God:
Gold:   123        SH:  0    Dex: 14    Spells: 3/3 levels left

rFire   . . .      SeeInvis .    a - +0 hand axe
rCold   . . .      Faith    .    (no shield)
rNeg    . . .      Spirit   .    d - +0 leather armour
rPois   .          Reflect  .    (no helmet)
rElec   .          Rampage  .    (no cloak)
rCorr   .                        (no gloves)
Will    .....                    g - +0 pair of boots
Stlth   +                        (no amulet)
HPRegen 0.25/turn                (no ring)
MPRegen 0.09/turn                (no ring)

@: confused, ambrosia-drunk
A: fangs 1, strong nose, distributed training
a: no special abilities


You were on level 2 of the Dungeon.
You visited 1 branch of the dungeon, and saw 2 of its levels.

You collected 123 gold pieces.

Inventory:

Hand Weapons
 a - a +0 hand axe (weapon)
Missiles
 j - 3 poisoned darts (quivered)
Armour
 b - a +0 robe
 d - a +0 leather armour (worn)
 g - a +0 pair of boots (worn)
Scrolls
 f - a scroll of teleportation {unknown}
 h - a scroll of poison {unknown}
 i - a scroll of acquirement {unknown}
 k - a scroll of noise {unknown}
 l - a scroll of identify {unknown}
Potions
 e - 2 potions of resistance {unknown}


   Skills:
 + Level 6.5 Fighting
 + Level 0.8 Short Blades
 + Level 0.8 Long Blades
 + Level 6.5 Axes
 + Level 0.8 Maces & Flails
 + Level 0.8 Polearms
 + Level 0.8 Staves
 + Level 0.8 Ranged Weapons
 + Level 0.8 Throwing
 + Level 0.8 Armour
 + Level 6.5 Dodging
 + Level 4.1 Stealth
 + Level 0.8 Shields
 + Level 0.8 Unarmed Combat
 + Level 0.8 Spellcasting
 + Level 0.5 Conjurations
 + Level 0.5 Hexes
 + Level 0.5 Summonings
 + Level 0.5 Necromancy
 + Level 0.5 Translocations
 + Level 0.5 Transmutations
 + Level 0.5 Fire Magic
 + Level 0.5 Ice Magic
 + Level 0.5 Air Magic
 + Level 0.5 Earth Magic
 + Level 0.5 Poison Magic
 + Level 1.0 Invocations
 + Level 0.8 Evocations


You had 3 spell levels left.
You didn't know any spells.
Your spell library was empty.

Dungeon Overview and Level Annotations

Branches:
Dungeon (2/15)

Altars:

Annotations:
D:2 Natasha


Innate Abilities, Weirdness & Mutations

You have very sharp teeth.
Your uncanny sense of smell can sniff out nearby items.
Your experience applies equally to all skills.


Message History

Natasha casts a spell.
You hit Natasha but do no damage.
Natasha is lightly wounded.
You hit the white imp but do no damage. Natasha claws you.
The white imp hits you. The white imp freezes you.
You hit Natasha. Your bite misses Natasha.
Natasha is moderately wounded.
You hit the white imp. Natasha claws you. The white imp gestures at you.
The puff of frost hits you!
You hit Natasha.
Natasha is heavily wounded.
You hit the white imp but do no damage. Natasha claws you but does no damage.
The white imp hits you. The white imp freezes you.
Unknown command.
You barely miss Natasha.
Natasha is heavily wounded.
You barely miss the white imp.
Natasha howls an incantation.
Natasha glows brightly for a moment.
Natasha claws you.
* * * LOW HITPOINT WARNING * * *
The white imp gestures at you. The puff of frost hits you!
* * * LOW HITPOINT WARNING * * *
You are confused.
You feel invigorated. Natasha closely misses you. The white imp hits you.
* * * LOW HITPOINT WARNING * * *
The white imp freezes you.
* * * LOW HITPOINT WARNING * * *
The white imp gestures at you. The puff of frost hits you!
* * * LOW HITPOINT WARNING * * *
The white imp attacks as you move away! The white imp hits you.
* * * LOW HITPOINT WARNING * * *
The white imp freezes you.
* * * LOW HITPOINT WARNING * * *
Natasha stares at you and mumbles some strange words.
The magic dart hits you!
You die...

# #
#########..>.#
....#.........#
+....<....####.#
#.#.....#.#....#
#............#
#.#..#..##+#.# #
#......+ #
#.#.#....#+###
#......@.h...#
#........5.#.#
#..#.##.#### #
+.$#.#... ..
#.####


You could see Natasha and a white imp (summoned).

Vanquished Creatures
  A dart slug (D:1)
  2 bats (D:1)
  5 endoplasms (D:1)
  A giant cockroach (D:1)
  A goblin (D:1)
  2 hobgoblins (D:1)
  8 jackals (D:1)
  2 quokkas (D:1)
  4 ball pythons (D:1)
  A frilled lizard (D:1)
  A kobold (D:1)
  A rat (D:1)
29 creatures vanquished.

Notes
Turn   | Place    | Note
-------+----------+-------------------------------------------
     0 | D:1      | Rocko1345 the Gnoll Monk began the quest for the Orb.
     0 | D:1      | Reached XP level 1. HP: 23/23 MP: 1/1
   149 | D:1      | Reached XP level 2. HP: 21/29 MP: 2/2
   418 | D:1      | Reached XP level 3. HP: 33/35 MP: 3/3
   638 | D:1      | Reached skill level 1 in Invocations
   818 | D:1      | Found a faded altar of an unknown god.
   950 | D:2      | Noticed Natasha
   963 | D:2      | HP: 1/35 [white imp/puff of frost[Natasha] (7)]
   965 | D:2      | Killed from afar by Natasha

Illustrated notes

Levels and vault maps discovered:
D:1:      evilmike_arrival_hilbert_curve, layout_loops_ring,
          shapermc_ecumenical_altar_mp_vishouse
D:2:      layout_basic, serial_shops, nicolae_shop_behind_doors, minivault_11,
          grunt_decor_one_mirror, uniq_sigmund, uniq_natasha, uniq_robin

Skill      XL: |  1  2  3 |
---------------+----------+-----
Invocations    | 1 |  1.0
Fighting       | |  6.5
Short Blades   | |  0.8
Long Blades    | |  0.8
Axes           | |  6.5
Maces & Flails | |  0.8
Polearms       | |  0.8
Staves         | |  0.8
Ranged Weapons | |  0.8
Throwing       | |  0.8
Armour         | |  0.8
Dodging        | |  6.5
Stealth        | |  4.1
Shields        | |  0.8
Unarmed Combat | |  0.8
Spellcasting   | |  0.8
Conjurations   | |  0.5
Hexes          | |  0.5
Summonings     | |  0.5
Necromancy     | |  0.5
Translocations | |  0.5
Transmutations | |  0.5
Fire Magic     | |  0.5
Ice Magic      | |  0.5
Air Magic      | |  0.5
Earth Magic    | |  0.5
Poison Magic   | |  0.5
Evocations     | |  0.8

Action                     || total
---------------------------++-------
  Melee: Hand axe          ||    88
         Bite              ||    10
    Use: Potion            ||     1
   Stab: Sleeping          ||     7
 Armour: Robe              ||    10
         Leather armour    ||     1
  Dodge: Dodged            ||    67

Table legend: (Time is in decaauts)
 A = Elapsed time spent in this place.
 B = Non-inter-level travel time spent in this place.
 C = Inter-level travel time spent in this place.
 D = Time resting spent in this place.
 E = Time spent auto-exploring this place.
 F = Levels seen in this place.
 G = Mean time per level.
                   A        B        C        D        E       F      G
               +--------+--------+--------+--------+--------+-----+--------+
         Total |    963 |    960 |      3 |     94 |    513 |   2 |  481.5 |
       Dungeon |    963 |    960 |      3 |     94 |    513 |   2 |  481.5 |
               +--------+--------+--------+--------+--------+-----+--------+

Top non-repeatable levels by time:
     D:1: 938 daAuts
     D:2: 24 daAuts
